[Event "Bremer Silvester Open-B 2024"]
[Site "Bremen"]
[Date "2024.12.28"]
[Round "4.1"]
[White "Wildt, Alexander"]
[Black "Supplieth, Peter"]
[Result "0-1"]
[ECO "D43"]
[WhiteElo "1845"]
[BlackElo "1890"]
[Annotator "NA RC"]
[PlyCount "54"]
[EventDate "2024.12.16"]
[EventType "swiss"]
[EventCountry "GER"]
[SourceTitle "playchess.com"]
[Source "ChessBase"]
[SourceQuality "1"]
[TimeControl "5400+30"]

1. d4 d5 2. c4 c6 3. Nf3 Nf6 4. Nc3 e6 5. Bf4 dxc4 6. e4 b5 7. a4 Bb4 8. Bg5 h6 9. Bh4 g5 10. Nxg5 hxg5 11. Bxg5 Rg8 12. h4 e5 13. Qf3 exd4 14. Bxf6 dxc3 15. bxc3 Be7 16. Bxe7 Qxe7 17. h5 Qe5 18. h6 Nd7 19. Rh5 Qf6 20. Qe3 Ne5 21. Qd4 Ng4 22. Qc5 Qxc3+ 23. Ke2 Bd7 24. Rd1 f6 25. Qd6 O-O-O 26. axb5 Qc2+ 27. Ke1 Qxf2# 0-1

[Event "Bremer Silvester Open-B 2024"]
[Site "Bremen"]
[Date "2024.12.28"]
[Round "4.2"]
[White "Hattenhauer, Klaus"]
[Black "Beeck, Sebastian"]
[Result "1/2-1/2"]
[ECO "D02"]
[WhiteElo "1848"]
[BlackElo "1753"]
[Annotator "NA RC"]
[PlyCount "93"]
[EventDate "2024.12.16"]
[EventType "swiss"]
[EventCountry "GER"]
[SourceTitle "playchess.com"]
[Source "ChessBase"]
[SourceQuality "1"]
[TimeControl "5400+30"]

1. d4 Nf6 2. Nf3 d5 3. Bf4 c5 4. c3 Nc6 5. e3 Qb6 6. Qb3 c4 7. Qxb6 axb6 8. Nbd2 b5 9. Ne5 Nxe5 10. Bxe5 Ng4 11. Bf4 Bf5 12. f3 Nf6 13. g4 Bg6 14. Bg2 e6 15. h4 b4 16. O-O bxc3 17. bxc3 Ba3 18. e4 dxe4 19. fxe4 Bb2 20. Rab1 Bxc3 21. Nxc4 Bxd4+ 22. Be3 Bxe3+ 23. Nxe3 O-O 24. Rb4 Rxa2 25. h5 Rxg2+ 26. Kxg2 Bxe4+ 27. Kg3 Bc6 28. Rc1 Rd8 29. Rd1 Nd5 30. Nxd5 Bxd5 31. Rxb7 Kf8 32. Rc7 h6 33. Rf1 e5 34. Rd1 Ke8 35. Rc5 Be6 36. Rxd8+ Kxd8 37. Rxe5 Ke7 38. Re1 Kf6 39. Kf4 Bb3 40. Rb1 Be6 41. Rb6 Ke7 42. g5 hxg5+ 43. Kxg5 Kf8 44. Rb8+ Ke7 45. Kf4 Kf6 46. Rb6 g5+ 47. Ke4 1/2-1/2

[Event "Bremer Silvester Open-B 2024"]
[Site "Bremen"]
[Date "2024.12.28"]
[Round "4.3"]
[White "Lattreuter, Alexander"]
[Black "Jablonski, Ture"]
[Result "1-0"]
[ECO "C21"]
[WhiteElo "1841"]
[BlackElo "1718"]
[Annotator "NA RC"]
[PlyCount "65"]
[EventDate "2024.12.16"]
[EventType "swiss"]
[EventCountry "GER"]
[SourceTitle "playchess.com"]
[Source "ChessBase"]
[SourceQuality "1"]
[TimeControl "5400+30"]

1. e4 e5 2. d4 exd4 3. c3 dxc3 4. Bc4 cxb2 5. Bxb2 Bb4+ 6. Nc3 Nf6 7. Qb3 d5 8. exd5 Bxc3+ 9. Qxc3 O-O 10. Ne2 c5 11. Rd1 Qd6 12. O-O Bf5 13. f3 h5 14. Ng3 Bg6 15. Ne4 Qf4 16. Nxc5 b6 17. Ne4 Nbd7 18. Bb5 Rac8 19. Qd4 Rfd8 20. g3 Qh6 21. Rc1 Bxe4 22. fxe4 Nc5 23. Rf4 Kh7 24. Rcf1 Ne6 25. Rxf6 gxf6 26. Qxf6 Ng5 27. h4 Qxf6 28. Rxf6 Nxe4 29. Bd3 Re8 30. Rf4 f5 31. Rxf5 Nc5 32. Rxh5+ Kg8 33. Bg6 1-0

[Event "Bremer Silvester Open-B 2024"]
[Site "Bremen"]
[Date "2024.12.28"]
[Round "4.6"]
[White "Maeder, Christian"]
[Black "Flemming, Klaus"]
[Result "1-0"]
[ECO "C02"]
[WhiteElo "1995"]
[BlackElo "1802"]
[Annotator "NA RC"]
[PlyCount "42"]
[EventDate "2024.12.16"]
[EventType "swiss"]
[EventCountry "GER"]
[SourceTitle "playchess.com"]
[Source "ChessBase"]
[SourceQuality "1"]
[TimeControl "5400+30"]

1. e4 e6 2. d4 d5 3. e5 c5 4. c3 Qb6 5. Nf3 Nc6 6. Bd3 cxd4 7. O-O Bd7 8. a3 dxc3 9. Nxc3 a6 10. b4 Nd4 11. Ng5 Nb5 12. Na4 Qd8 13. Re1 g6 14. h4 Be7 15. Qf3 Nh6 16. Nxe6 Bxe6 17. Bxh6 Bxh4 18. Nc5 Qe7 19. Qf4 g5 20. Qd2 g4 21. g3 Nd4 1-0

[Event "Bremer Silvester Open-B 2024"]
[Site "Bremen"]
[Date "2024.12.28"]
[Round "4.7"]
[White "Rauscher, Joachim"]
[Black "Dianov, Ilja"]
[Result "1-0"]
[ECO "B15"]
[WhiteElo "1797"]
[BlackElo "1861"]
[Annotator "NA RC"]
[PlyCount "101"]
[EventDate "2024.12.16"]
[EventType "swiss"]
[EventCountry "GER"]
[SourceTitle "playchess.com"]
[Source "ChessBase"]
[SourceQuality "1"]
[TimeControl "5400+30"]

1. e4 c6 2. d4 d5 3. Nc3 dxe4 4. Nxe4 Nf6 5. Nxf6+ exf6 6. Nf3 Bd6 7. g3 O-O 8. Bg2 Re8+ 9. Be3 Bf5 10. O-O Na6 11. c3 Nc7 12. Nh4 Be6 13. Re1 Nd5 14. Bd2 b5 15. b3 Qd7 16. a4 a6 17. c4 Nc7 18. axb5 axb5 19. Rxa8 Rxa8 20. Bf1 Bf8 21. Be3 b4 22. Ng2 Ra3 23. Nf4 Bg4 24. Qc2 g5 25. Ne2 Bf5 26. Qd1 Ne6 27. Bg2 Nc7 28. d5 cxd5 29. cxd5 Nb5 30. Bd4 Qd8 31. Nc1 Bg6 32. Bb2 Ra7 33. Qf3 Bg7 34. Qe2 Nd6 35. Qe3 Qd7 36. Qc5 Rb7 37. Qc6 Qc7 38. Ne2 Bd3 39. Nd4 f5 40. Ba1 Bxd4 41. Bxd4 Bb5 42. Qxc7 Rxc7 43. Ra1 h6 44. Ra8+ Nc8 45. h3 Kh7 46. Be5 Rc5 47. Bd4 Rc7 48. d6 Nxd6 49. Rh8+ Kg6 50. Rg8+ Kh7 51. Rg7+ 1-0

[Event "Bremer Silvester Open-B 2024"]
[Site "Bremen"]
[Date "2024.12.28"]
[Round "4.8"]
[White "Schroeder, Harm"]
[Black "Kandora, Max"]
[Result "0-1"]
[ECO "C42"]
[WhiteElo "1820"]
[BlackElo "1801"]
[Annotator "NA RC"]
[PlyCount "56"]
[EventDate "2024.12.16"]
[EventType "swiss"]
[EventCountry "GER"]
[SourceTitle "playchess.com"]
[Source "ChessBase"]
[SourceQuality "1"]
[TimeControl "5400+30"]

1. e4 e5 2. Nf3 Nf6 3. Nxe5 d6 4. Nf3 Nxe4 5. d4 d5 6. Bd3 Bf5 7. O-O Bd6 8. c4 c6 9. Nc3 O-O 10. Qc2 Re8 11. Re1 Bb4 12. a3 Bxc3 13. bxc3 Nd7 14. Bb2 Bg6 15. Nd2 Ng5 16. Bxg6 hxg6 17. cxd5 cxd5 18. f4 Ne6 19. f5 Nef8 20. Nf3 Qb6 21. fxg6 Nxg6 22. Rxe8+ Rxe8 23. Re1 Rxe1+ 24. Nxe1 Qe6 25. Qf2 Nf6 26. Nd3 Ng4 27. Nc5 Nxf2 28. Nxe6 Nd3 0-1